 Dungeon Crawl Stone Soup version bcrawl-1.37.2 (webtiles) character file.

Game seed: 14611570615472821987

147859 gruber the Skirmisher (level 5, 0/47 HPs)
             Began as a Djinni Conjurer on Jan 28, 2023.
             Succumbed to an adder's poison
             ... on level 3 of the Dungeon.
             The game lasted 00:05:29 (2449 turns).

gruber the Skirmisher (Djinni Conjurer)             Turns: 2449, Time: 00:05:29

Health: 0/47       AC:  2    Str: 10    XL:     5   Next: 19%
Magic:  11/11      EV: 12    Int: 19    God:
Gold:   189        SH:  0    Dex: 11    Spells: 9/12 levels left

rFire    . . .     GDR:     23% b - +0 short sword
rCold    + . .     SeeInvis .   (no shield)
rNeg     . . .     Gourm    .   a - +0 robe
rPois    .         Faith    .   (no helmet)
rElec    .         Spirit   .   (no cloak)
rCorr    .         Reflect  .   (no gloves)
MR       .....     Rnd*Rage +   (boots unavailable)
Stlth    ++........             n - amulet of rage
HPRegen  0.17/turn              f - ring of protection from cold
MPRegen  0.12/turn              (no ring)

@: lethally poisoned (0 -> -12), berserk cooldown, flying, hasted, very quick
A: never pass out, berserk 2, blink, blurry vision 2, wild magic 2, MP-powered
wands, floating
a: Blink, Evoke Berserk Rage


You were on level 3 of the Dungeon.
You were hungry.

You visited 1 branch of the dungeon, and saw 3 of its levels.

You collected 189 gold pieces.

Inventory:

Hand Weapons
 b - a +0 short sword (weapon)
Armour
 a - a +0 robe (worn)
Jewellery
 f - a ring of protection from cold (left hand)
 n - an amulet of rage (around neck)
Scrolls
 d - a scroll of magic mapping {unknown}
 g - a scroll of fear {unknown}
 h - a scroll of enchant weapon {unknown}
 i - 2 scrolls of identify
 j - a scroll of remove curse {unknown}
 l - a scroll of immolation {unknown}
Potions
 c - a potion of magic
Comestibles
 e - 8 rations {!d}
 m - a chunk of flesh


   Skills:
 * Level 4.9 Fighting
 - Level 2.0 Dodging
 - Level 1.5 Stealth
 - Level 4.0 Spellcasting
 - Level 4.3 Conjurations


You had 9 spell levels left.
You knew the following spells:

 Your Spells              Type           Power        Failure   Level  Hunger
a - Magic Dart            Conj           ####         7%          1    None
b - Searing Ray           Conj           ####....     10%         2    None

Your spell library contained the following spells:

 Spells                   Type           Power        Failure   Level  Hunger
 Iskenderun's Mystic Bla  Conj           ####....     16%         3    ###....
 Fulminant Prism          Conj/Hex       ###.......   67%         4    #####..
 Irradiate                Conj/Tmut      ###.......   92%         5    ######.


Dungeon Overview and Level Annotations

Branches:
Dungeon (3/12)

Altars:
Kikubaaqudgha
Ru
Sif Muna


Innate Abilities, Weirdness & Mutations

You never pass out after going berserk.
You often lose your temper in combat.
You can translocate small distances at will.
Scrolls take you longer to read.
Your spells are harder to cast, but more powerful.
You expend magic power (3 MP) to strengthen your wands.
Your body floats in the air.


Message History

The adder barely misses you.
Okay, then.
Okay, then.
You aren't carrying any items that you can evoke.
You feel yourself speed up.
You feel yourself speed up.
* * * LOW HITPOINT WARNING * * *
You feel sick. The adder bites you.
* * * LOW HITPOINT WARNING * * *
You are more poisoned.
The adder poisons you! The orc hits you.
* * * LOW HITPOINT WARNING * * *
The adder barely misses you. The orc misses you.
You barely miss the adder.
The adder is almost dead.
* * * LOW HITPOINT WARNING * * *
You feel sick. The adder misses you. The orc misses you.
You hit the adder.
You kill the adder!
You die...

#......#.##...#.#
##......#........#
.......#.†....#.##
##...#.#...#.....##
..........^.......#
.#+#.#.#.........# #.
#...#.........#
#...###.#.#.......###
#....))@..#.......#
#..#...#o##...##########
#.......................
#.##...#............####
# #...#..........[.#
#...#..>.........#
#####............#
#.#'###....<.# #.
#......#


You could see an orc.

Vanquished Creatures
  An orc priest (D:3)
  An orc wizard (D:3)
  2 adders
  2 oozes
  2 worms (D:2)
  4 dart slugs
  2 leopard geckos
  4 orcs
  2 ball pythons (D:2)
  3 bats
  3 giant cockroaches
  5 goblins
  2 hobgoblins (D:2)
  10 jackals
  3 quokkas
  2 frilled lizards (D:2)
  4 kobolds
  5 rats
  A fungus (D:2)
58 creatures vanquished.

Notes
Turn   | Place    | Note
-------+----------+-------------------------------------------
     0 | D:1      | gruber the Djinni Conjurer began the quest for the Orb.
     0 | D:1      | Reached XP level 1. HP: 14/14 MP: 4/4
   187 | D:1      | Reached skill level 1 in Fighting
   255 | D:1      | Reached XP level 2. HP: 23/23 MP: 4/6
   290 | D:1      | Learned a level 2 spell: Searing Ray
  1227 | D:2      | Reached XP level 3. HP: 28/30 MP: 8/8
  1268 | D:2      | Found a sacrificial altar of Ru.
  1450 | D:2      | Found a shimmering blue altar of Sif Muna.
  1907 | D:2      | Found an ancient bone altar of Kikubaaqudgha.
  1959 | D:2      | Gained mutation: Your spells are harder to cast, but more
                  | powerful. [Djinni growth]
  1959 | D:2      | Gained mutation: You can translocate small distances at
                  | will. [Djinni growth]
  1959 | D:2      | Reached XP level 4. HP: 18/38 MP: 5/10
  2166 | D:2      | Found a faded altar of an unknown god.
  2426 | D:3      | Reached XP level 5. HP: 40/47 MP: 11/11
  2447 | D:3      | HP: 2/47 [orc (1)]
  2449 | D:3      | Succumbed to an adder's poison

Skill      XL: |  1  2  3  4 |
---------------+-------------+-----
Fighting       | 1 2 3 4 |  4.9
Spellcasting   | 4 |  4.0
Dodging        | |  2.0
Stealth        | |  1.5
Conjurations   | |  4.3

Action                   |  1- 3 |  4- 6 || total
-------------------------+-------+-------++-------
Melee: Short sword       |    74 |    65 ||   139
 Cast: Magic Dart        |    26 |       ||    26
       Searing Ray       |     5 |     1 ||     6
 Abil: Evoke Berserk Rag |       |     1 ||     1
  Use: Potion            |       |     1 ||     1
 Stab: Sleeping          |     2 |     2 ||     4
  Eat: Chunk             |     6 |     4 ||    10
Armor: Robe              |    10 |     7 ||    17
Dodge: Dodged            |    45 |    53 ||    98
